 Dungeon Crawl Stone Soup version 0.19-a0-1886-gd64a0f0 (webtiles) character file.

263090 Theye the Fencer (level 21, -4/160 HPs)
             Began as a Human Fighter on Oct 15, 2016.
             Was the Champion of Cheibriados.
             Killed from afar by a purple draconian (44 damage)
             ... with a bolt of dispelling energy
             ... in a wizard's laboratory.
             The game lasted 01:08:02 (39890 turns).

Theye the Fencer (Human Fighter)                   Turns: 39890, Time: 01:08:03

Health: -4/160     AC: 23    Str: 34    XL:     21   Next: 27%
Magic:  30/33      EV: 16    Int: 34    God:    Cheibriados [******]
Gold:   61         SH: 24    Dex: 33    Spells: 4 memorised, 19 levels left

rFire  + . .     SeeInvis +     b - +9 scimitar (flame)
rCold  . . .     Gourm    .     t - +1 chain mail {rF+}
rNeg   . . .     Faith    .     c - +2 shield
rPois  .         Spirit   .     (helmet restricted)
rElec  .         Dismiss  .     H - +2 cloak
rCorr  .         Reflect  .     w - +2 pair of gloves {Dex+3}
MR     +++..     Harm     .     S - +1 pair of boots
Stlth  ..........               y - amulet of regeneration
                                R - +5 ring of slaying
                                z - ring of the Mage {Wiz MR++ Int+3}

@: regenerating (expiring), very slow
A: antennae 1, large bone plates 1, see invisible, clever 1
a: Bend Time, Temporal Distortion, Slouch, Step From Time, Renounce Religion
}: 1/15 runes: serpentine


You were in a wizard's laboratory.
You worshipped Cheibriados.
Cheibriados was exalted by your worship.
You were not hungry.

You visited 5 branches of the dungeon, and saw 30 of its levels.
You also visited: Ice Cave and Wizlab.

You collected 3115 gold pieces.
You spent 3054 gold pieces at shops.

Inventory:

Hand Weapons
 b - a +9 scimitar of flaming (weapon)
Armour
 c - a +2 shield (worn)
 l - a +1 chain mail of cold resistance
 s - +0 fire dragon scales
 t - a +1 chain mail of fire resistance (worn)
 w - a +2 pair of gloves of dexterity (worn)
 H - a +2 cloak (worn)
 S - a +1 pair of boots (worn)
Jewellery
 g - an uncursed ring of resist corrosion
 y - an amulet of regeneration (around neck)
 z - the ring of the Mage (left hand) {Wiz MR++ Int+3}
   (You bought it in a shop on level 1 of the Vaults)

   [ring of wizardry]

   It improves your spell success rate.
   It affects your intelligence (+3).
   It affects your resistance to hostile enchantments.
 C - the ring of Migodesi {rPois rF+ Int+4 Dex-2 Stlth-}
   (You found it on level 1 of the Vaults)

   [ring of loudness]

   It affects your intelligence (+4).
   It affects your dexterity (-2).
   It protects you from fire.
   It protects you from poison.
   It makes you less stealthy.
 R - a +5 ring of slaying (right hand)
Wands
 x - a wand of iceblast (10/15)
 G - a wand of lightning (6/15)
 N - a wand of digging (22/24)
Scrolls
 e - 14 scrolls of remove curse
 i - 6 scrolls of fear
 n - 4 scrolls of magic mapping
 o - 4 scrolls of teleportation
 r - 3 scrolls of amnesia
 v - 4 scrolls of immolation
 U - 6 scrolls of fog
Potions
 h - 7 potions of lignification
 j - 9 potions of curing
 k - a potion of ambrosia
 m - a potion of cancellation {unknown}
 p - 4 potions of brilliance
 D - 5 potions of mutation
 J - 6 potions of flight
 Q - a potion of magic {unknown}
 T - 2 potions of haste
 V - 3 potions of agility
 Y - 2 potions of resistance
Books
 A - a book of the Dragon

   Spells                             Type                      Level
   a - Flame Tongue                   Conjuration/Fire             1
   b - Cause Fear                     Hexes                        4
   c - Bolt of Fire                   Conjuration/Fire             6
   d - Dragon Form                    Transmutation                7
   e - Dragon's Call                  Summoning                    9
 L - a book of the Earth

   Spells                             Type                      Level
   a - Leda's Liquefaction            Hexes/Earth                  4
   b - Bolt of Magma                  Conjuration/Fire/Earth       5
   c - Statue Form                    Transmutation/Earth          6
   d - Iron Shot                      Conjuration/Earth            6
   e - Shatter                        Earth                        9
Miscellaneous
 q - a sack of spiders
 X - a fan of gales
Comestibles
 f - 20 bread rations
 E - 4 slices of pizza
 M - 6 meat rations
 P - 9 fruits


   Skills:
 - Level 12.4 Fighting
 - Level 17.9 Long Blades
   Level 2.3(2.6) Axes
   Level 1.7(2.3) Maces & Flails
 - Level 13.2 Armour
 - Level 5.8 Dodging
 - Level 16.6 Shields
 * Level 8.9 Spellcasting
 + Level 3.0 Charms
 - Level 1.7 Necromancy
 - Level 1.6 Translocations
 * Level 9.8 Fire Magic
 - Level 12.9 Invocations


You had 19 spell levels left.
You knew the following spells:

 Your Spells              Type           Power        Failure   Level  Hunger
a - Blink                 Tloc           N/A          4%          2    None
b - Regeneration          Chrm/Necr      ####......   4%          3    None
c - Ring of Flames        Chrm/Fire      ######....   99%         7    ######.
d - Bolt of Fire          Conj/Fire      #####.....   83%         6    #####..


Dungeon Overview and Level Annotations

Branches:
Dungeon (15/15)            Temple (0/1) D:7            Lair (6/6) D:10
 Shoals (0/4) Lair:4        Snake (4/4) Lair:3        Slime (0/5) Lair:5
    Orc (2/2) D:11            Elf (0/3) Orc:2        Vaults (3/5) D:14
  Crypt (0/3) Vaults:3     Depths (0/5) D:15

Altars:
Cheibriados
Elyvilon
Hepliaklqana
Kikubaaqudgha
Makhleb
Nemelex Xobeh
Okawaru
Qazlal
Ru
Sif Muna
Trog
Vehumet
Xom
Beogh

Shops:
D:14 [   Orc:2 ([(%   Snake:1 =   Snake:2 }}=!   Vaults:1 =   Vaults:3 *

Portals:
Hell: Lair:6

Annotations:
Lair:5 exclusion: oklob plant WizLab exclusion: statue


Innate Abilities, Weirdness & Mutations

You have a pair of small antennae on your head.
You are partially covered in large bone plates. (SH +4)
You have supernaturally acute eyesight. (SInv)
Your mind is acute. (Int +2)


Message History

The purple draconian hits you with a glaive!
* * * LOW HITPOINT WARNING * * *
You feel better.
You hit the purple draconian but do no damage.
The purple draconian is heavily wounded.
You block the purple draconian's attack.
Unknown command.
You slash the purple draconian! You burn the purple draconian.
The purple draconian is severely wounded.
Unknown command.
You slash the purple draconian! You burn the purple draconian.
The purple draconian is almost dead.
The purple draconian hits you with a glaive!
* * * LOW HITPOINT WARNING * * *
Unknown command.
You feel much better.
The purple draconian breathes dispelling energy at you.
The bolt of dispelling energy hits you!
Your magical effects are unravelling.
You die...

######################
.#.#.##§##.#.#.#.#.#.##
#.#.#§#.#§#.#.#.#.#.#.#
.......#§...........§##§
.......)§§§.........§§§#
......)..)..........§§.#
.....................§§.
.....#)..#..............
...#.##.##.#....@.......
..###.....###...d.......
.#.#.#####.#.#..........
#.#.# #.#.#.........
##.## ##.###........
#.## ## ......§§. .##
##....§§. .# ....§.. .#{


You could see a purple draconian.

Vanquished Creatures
  Bai Suzhen (Snake:4)
  Saint Roka (Orc:2)
  Rupert (Snake:1)
  Agnes (Snake:3)
  Kirke (D:15)
  7 nagarajas
  Roxanne (Snake:2)
  An orc warlord (Orc:2)
  5 vault wardens
  Aizul (Vaults:1)
  3 ironheart preservers
  2 stone giants (Vaults:2)
  A very ugly thing (D:13)
  An entropy weaver (Vaults:2)
  5 purple draconians (WizLab)
  2 dire elephants
  Snorg (D:12)
  4 statues (WizLab)
  4 yaktaur captains
  2 ettins (Vaults:2)
  A great orb of eyes (Vaults:2)
  Fannar (D:12)
  2 fire dragons
  22 naga warriors
  Erica (Lair:1)
  Harold (Lair:1)
  An ice dragon (Vaults:1)
  10 vault guards
  5 hydras
  A rakshasa (Vaults:2)
  A death knight (D:13)
  9 centaur warriors
  14 anacondas
  An orc high priest (Orc:2)
  5 tengu warriors
  18 naga sharpshooters
  13 shock serpents
  3 deep elf knights (Vaults:1)
  A storm dragon zombie (Vaults:2)
  Sonja (Lair:1)
  A sixfirhy (Lair:6)
  7 naga ritualists
  6 salamander mystics
  10 skeletal warriors
  An unseen horror (shapeshifter) (Vaults:2)
  A sea snake (Lair:4)
  3 wizards
  A glowing orange brain (Vaults:2)
  4 unseen horrors
  A flayed ghost (Vaults:2)
  5 ironbrand convokers
  10 hill giants
  6 orc knights
  4 harpies (Vaults:1)
  3 necromancers
  3 wolf spider zombies
  4 wolf spiders
  16 mana vipers
  24 deep elf magi
  4 orc sorcerers
  A frost giant zombie (Vaults:2)
  3 manticores
  12 salamanders
  5 cyclopes
  33 ugly things
  An elephant (Lair:6)
  43 black mambas
  2 centaur zombies
  Maurice (D:12)
  11 guardian serpents
  2 orange demons (Lair:6)
  Psyche (D:11)
  A torpor snail (Lair:3)
  3 ice statues (IceCv)
  6 spiny frogs
  21 naga magi
  A smoke demon (Lair:6)
  2 gargoyles
  8 vault sentinels
  4 rime drakes
  2 freezing wraiths
  A kobold demonologist (D:14)
  15 yaktaurs
  3 komodo dragons
  A hellwing (Lair:6)
  An efreet (D:14)
  3 ice devils (Lair:6)
  2 tengu conjurers
  A red devil (Lair:6)
  8 trolls
  A polar bear (Lair:6)
  A polar bear (shapeshifter) (Vaults:2)
  2 two-headed ogres
  A tengu simulacrum (Vaults:1)
  11 slime creatures
  6 hornets
  A sphinx simulacrum (Vaults:2)
  20 blink frogs
  13 hippogriffs
  4 dream sheep (Lair:4)
  A fire giant simulacrum (Vaults:2)
  3 shadows
  8 wyverns
  A spriggan (D:10)
  13 yaks
  A redback (Vaults:2)
  4 wraiths
  3 basilisks
  Grum (D:11)
  2 hungry ghosts
  2 steam dragons (D:11)
  A warg (Orc:2)
  3 vampire mosquitoes (D:13)
  3 mottled dragons
  66 nagas
  2 hell hounds (Lair:6)
  A soldier ant (D:14)
  14 water moccasins
  An elf skeleton (Vaults:1)
  7 porcupines
  10 ice beasts
  38 orc warriors
  4 sky beasts
  5 black bears
  2 phantoms
  4 boggarts (Vaults:1)
  9 ogres
  An eye of draining (D:14)
  3 elf simulacra
  24 wolves
  16 centaurs
  12 crocodiles
  A crocodile (shapeshifter) (Vaults:1)
  Blork the orc (D:4)
  20 bullfrogs
  2 wyvern skeletons (D:13)
  3 scorpions
  2 water moccasin zombies
  A water moccasin skeleton (D:9)
  2 orc simulacra
  6 killer bees (D:11)
  8 wights
  7 howler monkeys
  11 crimson imps
  A quasit (D:13)
  3 human simulacra
  17 orc priests
  4 centaur skeletons
  3 jellies
  26 orc wizards
  8 hounds
  4 bullfrog skeletons
  Terence (D:2)
  11 iguanas
  6 worker ants
  2 hound skeletons
  A worker ant zombie (D:9)
  A howler monkey skeleton (D:4)
  16 adders
  8 gnolls
  3 shadow imps
  3 adder skeletons
  An adder zombie (D:9)
  6 worms
  3 dart slugs
  6 leopard geckos
  103 orcs
  4 giant cockroaches
  6 goblins
  12 hobgoblins
  12 jackals
  3 quokkas
  2 ball pythons
  2 ball python skeletons (D:4)
  5 bats
  10 frilled lizards
  4 kobolds
  A leopard gecko skeleton (D:5)
  16 rats
1171 creatures vanquished.

Vanquished Creatures (collateral kills)
  Vashnia (Snake:4)
  An anaconda (Snake:3)
  A naga sharpshooter (Snake:3)
  A black mamba (Snake:3)
  A guardian serpent (Snake:3)
  A naga mage (Snake:3)
  3 nagas
9 creatures vanquished.

Vanquished Creatures (others)
  A deep elf knight (Vaults:1)
  A black mamba (Snake:3)
  3 humans (D:15)
  An orc warrior (Orc:2)
  A centaur (Vaults:1)
  5 fungi
  7 plants
19 creatures vanquished.

Grand Total: 1199 creatures vanquished

Notes
Turn   | Place    | Note
-------+----------+-------------------------------------------
     0 | D:1      | Theye the Human Fighter began the quest for the Orb.
     0 | D:1      | Reached XP level 1. HP: 18/18 MP: 1/1
   146 | D:1      | Reached XP level 2. HP: 16/24 MP: 2/2
   490 | D:1      | Reached XP level 3. HP: 29/29 MP: 3/3
   989 | D:2      | Reached skill level 3 in Long Blades
  1098 | D:2      | Found a snail-covered altar of Cheibriados.
  1129 | D:2      | Reached XP level 4. HP: 32/35 MP: 4/4
  1150 | D:2      | Became a worshipper of Cheibriados the Contemplative
  1197 | D:2      | Noticed Terence
  1210 | D:2      | Killed Terence
  1254 | D:2      | Reached skill level 4 in Long Blades
  1254 | D:2      | Reached XP level 5. HP: 41/41 MP: 5/5
  1319 | D:2      | Found a faded altar of an unknown god.
  1408 | D:2      | Reached * piety under Cheibriados
  1590 | D:3      | Reached skill level 1 in Invocations
  2069 | D:4      | Reached XP level 6. HP: 46/47 MP: 7/7
  2340 | D:4      | Noticed Blork the orc
  2344 | D:4      | Killed Blork the orc
  2344 | D:4      | Reached skill level 5 in Long Blades
  2415 | D:4      | Reached ** piety under Cheibriados
  2455 | D:4      | Reached XP level 7. HP: 48/52 MP: 8/8
  2539 | D:4      | Found a burning altar of Makhleb.
  2748 | D:5      | Entered Level 5 of the Dungeon
  3084 | D:5      | Found a radiant altar of Vehumet.
  3094 | D:5      | Reached skill level 6 in Long Blades
  3250 | D:5      | Reached XP level 8. HP: 55/60 MP: 9/9
  3653 | D:5      | Reached *** piety under Cheibriados
  3791 | D:5      | Found a shimmering altar of Xom.
  3800 | D:5      | Found a white marble altar of Elyvilon.
  3800 | D:5      | Found a sparkling altar of Nemelex Xobeh.
  3802 | D:5      | Found an iron altar of Okawaru.
  3802 | D:5      | Found a stormy altar of Qazlal.
  3802 | D:5      | Found an ancient bone altar of Kikubaaqudgha.
  3914 | D:6      | Reached skill level 7 in Long Blades
  3989 | D:6      | Found a hazy altar of Hepliaklqana.
  4176 | D:6      | Reached XP level 9. HP: 46/66 MP: 12/12
  4438 | D:6      | Reached skill level 8 in Long Blades
  4500 | D:6      | Noticed a moth of wrath
  4503 | D:6      | Found a bloodstained altar of Trog.
  4835 | D:7      | Learned a level 2 spell: Blink
  4861 | D:7      | Reached skill level 5 in Armour
  4870 | D:7      | Gained mutation: Your mind is acute. (Int +2) [mutagenic meat]
  4873 | D:7      | Gained mutation: You have supernaturally acute eyesight. (SInv) [mutagenic meat]
  4880 | D:7      | Reached **** piety under Cheibriados
  4950 | D:7      | Found a staircase to the Ecumenical Temple.
  5320 | D:7      | Reached skill level 5 in Shields
  5420 | D:7      | Found a bloodstained altar of Trog.
  5421 | D:7      | Found an iron altar of Okawaru.
  5773 | D:8      | Noticed a hill giant
  5779 | D:8      | Killed a hill giant
  5779 | D:8      | Reached skill level 9 in Long Blades
  5779 | D:8      | Reached skill level 1 in Dodging
  5779 | D:8      | Reached skill level 5 in Invocations
  6105 | D:8      | Reached skill level 5 in Fighting
  6105 | D:8      | Reached XP level 10. HP: 74/74 MP: 13/13
  6222 | D:8      | Found a stormy altar of Qazlal.
  6443 | D:8      | Found a sacrificial altar of Ru.
  6468 | D:8      | Found a deep blue altar of Sif Muna.
  6934 | D:9      | Reached skill level 10 in Long Blades
  7083 | D:9      | Reached ***** piety under Cheibriados
  7310 | D:9      | Learned a level 3 spell: Regeneration
  7915 | D:10     | Entered Level 10 of the Dungeon
  8044 | D:10     | Reached skill level 11 in Long Blades
  8108 | D:10     | Found a staircase to the Lair.
  8109 | D:10     | Noticed a komodo dragon
  8122 | D:10     | Killed a komodo dragon
  8267 | D:10     | Reached XP level 11. HP: 80/80 MP: 15/15
  8805 | Lair:1   | Entered Level 1 of the Lair of Beasts
  8805 | Lair:1   | Noticed Sonja
  8895 | Lair:1   | Killed Sonja
  8945 | Lair:1   | Noticed Erica
  8960 | Lair:1   | Killed Erica
  8960 | Lair:1   | Reached skill level 12 in Long Blades
  9377 | Lair:1   | Noticed Harold
  9390 | Lair:1   | Killed Harold
 10498 | Lair:2   | Got a fine whip
 10500 | Lair:2   | Identified the +10 whip of Starshine {drain, rF+ MR+ SInv} (You found it on level 2 of the Lair of Beasts)
 10830 | Lair:3   | Found a staircase to the Snake Pit.
 10839 | Lair:3   | Reached ****** piety under Cheibriados
 11286 | Lair:4   | Reached XP level 12. HP: 68/88 MP: 17/17
 11630 | Lair:4   | Noticed a sea snake
 11634 | Lair:4   | Killed a sea snake
 11634 | Lair:4   | Reached skill level 13 in Long Blades
 11757 | Lair:4   | Found a staircase to the Shoals.
 12942 | Lair:5   | Found a staircase to the Slime Pits.
 13059 | Lair:5   | Reached XP level 13. HP: 95/95 MP: 19/19
 13208 | Lair:5   | Noticed a seven-headed hydra
 13212 | Lair:5   | Killed a five-headed hydra
 13644 | Lair:6   | Entered Level 6 of the Lair of Beasts
 13700 | Lair:6   | Reached skill level 14 in Long Blades
 13807 | Lair:6   | Noticed a five-headed hydra
 13816 | Lair:6   | Killed a one-headed hydra
 14396 | Lair:6   | Noticed a dire elephant
 14406 | Lair:6   | Killed a dire elephant
 14533 | Lair:6   | Found a burning altar of Makhleb.
 14949 | Lair:6   | Reached skill level 10 in Invocations
 15001 | Lair:6   | Found a gateway to Hell.
 15015 | Lair:6   | Got a heavily runed buckler
 15027 | Lair:6   | Identified the +2 buckler of Midsummer {-Cast Int+5} (You found it on level 6 of the Lair of Beasts)
 15332 | D:11     | Reached XP level 14. HP: 93/104 MP: 21/21
 15401 | D:11     | Noticed Grum
 15406 | D:11     | Noticed Psyche
 15420 | D:11     | Killed Psyche
 15440 | D:11     | Killed Grum
 15785 | D:11     | Found a staircase to the Orcish Mines.
 16507 | D:11     | Reached skill level 15 in Long Blades
 16507 | D:11     | Reached skill level 1 in Maces & Flails
 16507 | D:11     | Reached skill level 1 in Charms
 16507 | D:11     | Reached skill level 1 in Necromancy
 16507 | D:11     | Reached skill level 1 in Translocations
 16507 | D:11     | Reached XP level 15. HP: 112/112 MP: 22/22
 16587 | D:11     | Reached skill level 5 in Dodging
 16975 | D:12     | Noticed Maurice
 16979 | D:12     | Killed Maurice
 16981 | D:12     | Noticed Snorg
 16982 | D:12     | Noticed Fannar
 16988 | D:12     | Killed Snorg
 16997 | D:12     | Killed Fannar
 16997 | D:12     | Reached skill level 10 in Shields
 17055 | D:12     | Learned a level 7 spell: Ring of Flames
 17165 | D:12     | Found a deep blue altar of Sif Muna.
 17651 | D:13     | Noticed a green very ugly thing
 17657 | D:13     | Killed a green very ugly thing
 18931 | D:14     | Found Umpocupp's Armour Shop.
 19145 | D:14     | Bought a +2 pair of gloves of dexterity for 344 gold pieces
 19352 | D:14     | Reached XP level 16. HP: 46/118 MP: 14/24
 19581 | D:14     | Found a gate to the Vaults.
 20668 | D:15     | Entered Level 15 of the Dungeon
 20715 | D:15     | Noticed Kirke
 20722 | D:15     | Killed Kirke
 20768 | D:15     | Found a sparkling altar of Nemelex Xobeh.
 20937 | D:15     | Found a staircase to the Depths.
 21132 | D:15     | Reached skill level 15 in Shields
 21571 | Orc:1    | Entered Level 1 of the Orcish Mines
 21832 | Orc:1    | Paralysed by an orc sorcerer for 5 turns
 21963 | Orc:2    | Entered Level 2 of the Orcish Mines
 21987 | Orc:2    | Found a frozen archway.
 22000 | IceCv    | Entered an ice cave
 22568 | Orc:2    | Noticed Saint Roka
 22584 | Orc:2    | Killed Saint Roka
 22938 | Orc:2    | Found a roughly hewn altar of Beogh.
 22998 | Orc:2    | Found a roughly hewn altar of Beogh.
 22998 | Orc:2    | Found Ihich's Weapon Shop.
 23085 | Orc:2    | Found a staircase to the Elven Halls.
 23206 | Orc:2    | Found a roughly hewn altar of Beogh.
 23207 | Orc:2    | Found Egroq's Food Boutique.
 23281 | Orc:2    | Found a roughly hewn altar of Beogh.
 23430 | Orc:2    | Reached XP level 17. HP: 124/124 MP: 25/25
 23683 | Orc:2    | Found Poext's Antique Armour Shoppe.
 23685 | Orc:2    | Found a roughly hewn altar of Beogh.
 23685 | Orc:2    | Found Cegudej's Antique Weapon Emporium.
 23713 | Orc:2    | Bought a glowing plate armour for 899 gold pieces
 23943 | Orc:2    | Found a roughly hewn altar of Beogh.
 24771 | Lair:3   | Reached skill level 1 in Axes
 24802 | Snake:1  | Entered Level 1 of the Snake Pit
 24802 | Snake:1  | Found Ciedocw's Jewellery Boutique.
 24806 | Snake:1  | Got a colourful robe
 24819 | Snake:1  | Identified the cursed +1 robe of the Spheres {rF- Regen+ rCorr Str+3} (You found it on level 1 of the Snake Pit)
 24835 | Snake:1  | Bought an uncursed amulet of guardian spirit for 420 gold pieces
 24835 | Snake:1  | Bought an uncursed ring of poison resistance for 280 gold pieces
 24856 | Snake:1  | Noticed Rupert
 24868 | Snake:1  | Killed Rupert
 24868 | Snake:1  | Reached skill level 1 in Spellcasting
 24868 | Snake:1  | Reached skill level 1 in Fire Magic
 25389 | Snake:1  | Reached skill level 10 in Armour
 25471 | Snake:1  | Got a shimmering long sword
 25472 | Snake:1  | Identified the +3 long sword of Theye's Disembowelment {drain, -Tele rPois rF+ Int+4} (You found it on level 1 of the Snake Pit)
 26096 | Snake:2  | Noticed Roxanne
 26130 | Snake:2  | Found Meoll's Gadget Shoppe.
 26131 | Snake:2  | Found Vuloazuq's Jewellery Shop.
 26132 | Snake:2  | Found Zuomodom's Gadget Shoppe.
 26367 | Snake:2  | Found Obielafa's Distillery.
 26407 | Snake:2  | Bought a potion of curing for 48 gold pieces
 26407 | Snake:2  | Bought a potion of curing for 48 gold pieces
 26407 | Snake:2  | Bought 2 potions of curing for 96 gold pieces
 26407 | Snake:2  | Bought a potion of curing for 48 gold pieces
 26407 | Snake:2  | Bought a potion of curing for 48 gold pieces
 26407 | Snake:2  | Bought a potion of curing for 48 gold pieces
 27691 | Snake:2  | Killed Roxanne
 28398 | Snake:3  | Noticed Agnes
 28406 | Snake:3  | Killed Agnes
 28413 | Snake:3  | Reached skill level 10 in Fighting
 28662 | Snake:3  | Reached XP level 18. HP: 118/134 MP: 26/26
 29752 | Snake:3  | Reached skill level 16 in Long Blades
 30136 | Snake:4  | Entered Level 4 of the Snake Pit
 30484 | Snake:4  | Noticed Bai Suzhen
 30511 | Snake:4  | Killed Bai Suzhen
 30511 | Snake:4  | Reached skill level 5 in Fire Magic
 31088 | Snake:4  | Noticed Vashnia
 31608 | Snake:4  | Reached skill level 5 in Spellcasting
 32411 | Snake:4  | Reached XP level 19. HP: 98/142 MP: 27/27
 34509 | Snake:4  | Killed Vashnia
 34997 | Snake:4  | Got a serpentine rune of Zot
 35166 | Snake:3  | Reached skill level 17 in Long Blades
 35493 | Vaults:1 | Entered Level 1 of the Vaults
 35636 | Vaults:1 | Found Deromp's Jewellery Boutique.
 35755 | Vaults:1 | Noticed Aizul
 35777 | Vaults:1 | Reached XP level 20. HP: 97/152 MP: 21/29
 35792 | Vaults:1 | Killed Aizul
 36269 | Vaults:1 | Got a wavering lead ring
 36693 | Vaults:1 | Gained mutation: You have a pair of small antennae on your head. [potion of beneficial mutation]
 36694 | Vaults:1 | Gained mutation: You are partially covered in large bone plates. (SH +4) [potion of beneficial mutation]
 36816 | Vaults:1 | Identified the ring of Migodesi {rPois rF+ Int+4 Dex-2 Stlth-} (You found it on level 1 of the Vaults)
 38106 | Vaults:1 | Bought the ring of the Mage {Wiz MR++ Int+3} for 775 gold pieces
 38182 | Vaults:2 | Learned a level 6 spell: Bolt of Fire
 39046 | Vaults:3 | Reached XP level 21. HP: 113/160 MP: 30/33
 39105 | Vaults:3 | Found Ysoeshro's General Store.
 39126 | Vaults:3 | Found a magical portal.
 39174 | WizLab   | Entered Iskenderun's Mystic Tower
 39890 | WizLab   | Killed from afar by a purple draconian

Vault maps used:
D:1:      wheals_arrival_linesprint
D:2:      lemuel_crystal_altar, first_bread, ecumenical_altar_1,
          grunt_ministairs_9, minmay_surrounded, uniq_terence
D:4:      makhleb_heckhound_becter, uniq_blork_the_orc
D:5:      vehumet_crystals, doesnt_xom_only_xom
D:6:      old_standard_altar, tgw_trog
D:7:      grunt_temple_overflow_bloody_war
D:8:      kennysheep_steamy, grunt_qazlal_clouds, basic_altar,
          lemuel_blue_sif_altar
D:9:      serial_co_window_serial, co_window_paths_b, co_window_corner_a,
          co_window_corner_a, co_window_corner_a, co_window_paths_b,
          co_window_paths_b, co_window_broadway_b, co_window_corner_ca,
          co_window_corner_b, co_window_of_opportunity_c, co_window_corner_ca,
          co_window_corner_b, glass_columns_c, glass_columns_a, glass_columns_a,
          glass_columns_a
D:10:     david_lair_shrubbed, the_bakery
D:11:     orc_0_dummy, hangedman_abyss_or_decor_slice, uniq_grum, uniq_psyche
D:12:     basic_altar, kennysheep_generic_room_16, uniq_maurice, uniq_fannar,
          uniq_snorg
D:14:     lightli_vaults_fourway_checkpoint, serial_shops, shop, minivault_19,
          hex_medium, serial_bayou_crossing
D:15:     hangedman_depths_entry_try_elsewhere_first, lemuel_tele_altar,
          bh_walls_and_bars, uniq_kirke
Lair:1:   minivault_23, mumra_transporter_accident,
          nicolae_quartered_pool_medium, uniq_sonja, uniq_harold, uniq_erica
Lair:2:   grunt_megastairs_1
Lair:3:   guppyfry_snake_entry_garden, beast_lair_carwin_7
Lair:4:   minmay_shoals_entry_beasts, wad_woods_road_05,
          infiniplex_staircase_pool_2
Lair:5:   minmay_slime_entry_oklob_enclosed
Lair:6:   evil_forest, st_stairs_5
Snake:1:  serial_shops, shop, uniq_rupert
Snake:2:  serial_shops, shop, minmay_shop_grove, uniq_roxanne
Snake:3:  evilmike_ambush, uniq_agnes
Snake:4:  johnstein_snake_rune_scales, grunt_megastairs_2, uniq_bai_suzhen,
          uniq_vashnia
Orc:1:    sword_in_stone
Orc:2:    grunt_orc_community_town_hall, grunt_orc_community_big_house_1,
          grunt_orc_community_big_house_1, grunt_orc_community_house_3,
          grunt_orc_community_house_2, grunt_orc_community_house_3,
          grunt_orc_community_house_3, grunt_orc_community_house_1,
          portal_ice_cave_rime, lab_entry_generic, uniq_saint_roka
Vaults:1: v_rooms_5, v_rooms_5, nicolae_vaults_alarming,
          nicolae_vaults_little_squares_4, serial_shops,
          nicolae_shop_behind_doors, serial_glass, uniq_aizul
Vaults:2: nicolae_vaults_diagonal_hallway_6, v_misc_16,
          grunt_vaults_hallway_short, vaults_dpeg_doors, ontoclasm_vaults_pinch,
          hangedman_vaults_trim, nicolae_vaults_twisting_passages, v_misc_16,
          ontoclasm_vaults_idyll, dpeg_vaults_monster_box,
          nicolae_vaults_specimen_jars
Vaults:3: vaults_room_semicircle, hangedman_vaults_impose,
          blue_anna_dwarven_crypt, st_diamondy, nicolae_vaults_big_angled_halls,
          serial_ice_g, lightli_enter_wizlab_magi_temple, serial_shops,
          nicolae_shop_window_shopping
IceCv:    ice_cave_statue_garden_chambered
WizLab:   wizlab_iskenderun

Skill      XL: |  1  2  3  4  5  6  7  8  9 10 11 12 13 14 15 16 17 18 19 20 21 |
---------------+----------------------------------------------------------------+-----
Long Blades    | 3 4 5 6 7 9 11 12 13 14 15 16 17 | 17.9
Invocations    | 1 2 4 5 6 7 8 10 11 12 | 12.9
Armour         | 4 5 6 7 8 9 11 12 13 | 13.2
Shields        | 4 5 6 7 9 13 16 | 16.6
Fighting       | 4 5 6 7 8 10 11 12 | 12.4
Dodging        | 1 2 3 4 5 |  5.8
Maces & Flails | 1 |  1.7
Charms         | 1 3 |  3.0
Necromancy     | 1 |  1.7
Translocations | 1 |  1.6
Axes           | 2 |  2.3
Spellcasting   | 3 5 6 8 |  8.9
Fire Magic     | 4 5 7 9 |  9.8

Action                   |  1- 3 |  4- 6 |  7- 9 | 10-12 | 13-15 | 16-18 | 19-21 || total
-------------------------+-------+-------+-------+-------+-------+-------+-------++-------
Melee: Long sword        |   112 |   160 |       |       |       |       |       ||   272
       Scimitar          |       |    26 |   345 |   409 |   448 |  1189 |  1039 ||  3456
       Unarmed           |       |       |       |       |     7 |       |       ||     7
 Cast: Regeneration      |       |       |       |       |       |       |     8 ||     8
Invok: Slouch            |       |       |       |       |     7 |     7 |     9 ||    23
Evoke: Wand              |       |     1 |     7 |     5 |     3 |     2 |       ||    18
       Sack of spiders   |       |       |       |       |       |     3 |       ||     3
  Use: Scroll            |       |       |    16 |    16 |     6 |    10 |     6 ||    54
       Potion            |       |       |       |       |     1 |    13 |     6 ||    20
 Stab: Sleeping          |       |       |       |       |     1 |       |       ||     1
       Distracted        |       |       |       |       |     1 |     2 |     3 ||     6
  Eat: Chunk             |     1 |     1 |     7 |     2 |     3 |     2 |     2 ||    18
       Royal jelly       |       |     1 |       |       |     2 |     1 |       ||     4
       Beef jerky        |       |       |     1 |     3 |       |       |       ||     4
       Meat ration       |       |       |       |     1 |     1 |     4 |     1 ||     7
       Bread ration      |       |       |       |     1 |       |     1 |       ||     2
       Pizza             |       |       |       |       |     1 |       |     1 ||     2
Armor: Scale mail        |    68 |    11 |       |   137 |   137 |    62 |       ||   415
       Chain mail        |       |    88 |       |       |       |    31 |    89 ||   208
       Plate armour      |       |    20 |   198 |     3 |       |   268 |   176 ||   665
       Skin              |       |       |       |       |     5 |       |       ||     5
Dodge: Dodged            |    47 |    42 |    54 |   108 |   195 |   425 |   273 ||  1144
Block: Shield            |    73 |    86 |   230 |   307 |   416 |  1138 |   976 ||  3226
       Rpst.: Long sword |    12 |     8 |       |       |       |       |       ||    20
       Scimitar          |       |       |    16 |    25 |    34 |    73 |    65 ||   213
